[Event "Early-Titled-Tuesday-Blitz-July-09-2024"]
[Site "Chess.com"]
[Date "2024.07.09"]
[Round "5"]
[White "GilbertoHernandezAmura"]
[Black "Ykow"]
[Result "0-1"]
[WhiteElo "2510"]
[BlackElo "2738"]
[TimeControl "180+1"]
[EndTime "8:57:37 PDT"]
[Termination "Ykow won by resignation"]

1. e4 e5 2. Nf3 Nc6 3. Bc4 Nf6 4. d3 Bc5 5. c3 d6 6. a4 a6 7. O-O h6 8. Re1 Ba7 9. Nbd2 O-O 10. Nf1 Be6 11.
Bxe6 fxe6 12. Qb3 Qd7 13. Be3 Bxe3 14. Nxe3 Kh7 15. Rad1 Rab8 16. Nc2 Qf7 17. d4 Ng4 18. h3 Nf6 19. dxe5 Nxe5 20. Nxe5 dxe5 21. Rd2 Rfd8 22. Rxd8 Rxd8 23. Na3 c6 24. Nc4 Qc7 25. a5 Nd7 26. Qd1 Nc5 27. Qg4 Nd3 28. Re3 Nf4 29. g3 h5 30. Qh4 g5 31. gxf4 gxh4 32. Nxe5 Rg8+ 33. Kf1 Qxa5 34. Rd3 Qa1+ 35. Ke2 Qxb2+ 36. Ke3 Qc1+ 37. Ke2 Qc2+ 38. Ke3 Rg2 39. Rd7+ Kg8 40. Nd3 Qxc3 41. Rxb7 Rg1 42. f5 Re1+ 0-1

[Event "Early-Titled-Tuesday-Blitz-July-09-2024"]
[Site "Chess.com"]
[Date "2024.07.09"]
[Round "5"]
[White "gafkens"]
[Black "AryanTari"]
[Result "0-1"]
[WhiteElo "2642"]
[BlackElo "2987"]
[TimeControl "180+1"]
[EndTime "8:57:38 PDT"]
[Termination "AryanTari won by resignation"]

1. e4 e5 2. Nf3 Nc6 3. d4 exd4 4.
Nxd4 Bb4+ 5. Nc3 Nge7 6. Nxc6 Nxc6 7. Bc4 O-O 8. O-O Bxc3 9. bxc3 d6 10. f4 Be6 11.
Bd3 f5 12. exf5 Bxf5 13. Bb2 Qf6 14. Rb1 Qg6 15. c4 Rae8 16. Qd2 b6 17. Rbe1 h6 18. a3 Nd8 19. Bxf5 Qxf5 20. Qd5+ Qxd5 21. cxd5 Nb7 22. g3 Nc5 23. Kg2 Kf7 24. Kf3 g6 25. Bd4 Nb7 26.
g4 Na5 27. Re4 Nc4 28. Rxe8 Rxe8 29. Ra1 Nd2+ 30. Kf2 Re4 31. Be3 Nc4 32. Bc1 Rd4 33.
a4 a5 34. f5 Rxg4 35. Bxh6 gxf5 36. Kf3 Ne5+ 37. Ke3 Re4+ 38. Kd2 Rh4 0-1

[Event "Early-Titled-Tuesday-Blitz-July-09-2024"]
[Site "Chess.com"]
[Date "2024.07.09"]
[Round "5"]
[White "BlackBoarder"]
[Black "myburger"]
[Result "1-0"]
[WhiteElo "2729"]
[BlackElo "2539"]
[TimeControl "180+1"]
[EndTime "8:57:38 PDT"]
[Termination "BlackBoarder won by resignation"]

1. d4 Nf6 2. Nc3 d6 3. e4 g6 4. h4 h5 5. Be2 Bg7 6. Nf3 Bg4 7.
Ng5 Nbd7 8. f3 c5 9. d5 Ne5 10.
fxg4 Nfxg4 11. Bf4 Qb6 12. Bb5+ Kf8 13. a4 Qa5 14.
O-O c4 15. Qe2 a6 16. Bxe5 Nxe5 17. Bxc4 Qc5+ 18. Kh1 Qxc4 19. Rxf7+ Kg8 20. Qf2 Qc5 21. Qxc5 dxc5 22. Rxe7 Bf6 23. Rxb7 Bxg5 24. hxg5 Rh7 25. Rxh7 Kxh7 26. Rf1 Rb8 27. b3 c4 28. Rb1 cxb3 29.
Rxb3 Rf8 30. Rb7+ Kg8 31. Kh2 Ng4+ 32. Kg3 Ne3 33. d6 Nf1+ 34. Kh3 Rd8 35. e5 Re8 36. d7 Rd8 37. e6 Kf8 38. Nd5 1-0

[Event "Early-Titled-Tuesday-Blitz-July-09-2024"]
[Site "Chess.com"]
[Date "2024.07.09"]
[Round "5"]
[White "GrumbleBruno"]
[Black "Mikhail_Golubev"]
[Result "1-0"]
[WhiteElo "2507"]
[BlackElo "2633"]
[TimeControl "180+1"]
[EndTime "8:57:38 PDT"]
[Termination "GrumbleBruno won on time"]

1. e4 c5 2. c3 Nf6 3. e5 Nd5 4.
d4 cxd4 5. cxd4 d6 6. Nf3 Nc6 7.
Bc4 dxe5 8. Bxd5 Qxd5 9. Nc3 Qd6 10. d5 Nd4 11. Nxd4 exd4 12. Qxd4 e5 13. Qd3 Be7 14.
O-O O-O 15. f4 Bd7 16. Ne4 Bf5 17. fxe5 Qxe5 18. Nf6+ Bxf6 19. Rxf5 Qd4+ 20. Qxd4 Bxd4+ 21. Kf1 Rac8 22. d6 Rfd8 23. Rd5 Bf6 24. Bf4 Rd7 25. Rc1 Rxc1+ 26. Bxc1 h6 27. Be3 a6 28. b3 g5 29.
Ke2 Kg7 30. g4 Bd8 31. Kd3 f6 32. Ke4 Kg6 33. Bd4 1-0

[Event "Early-Titled-Tuesday-Blitz-July-09-2024"]
[Site "Chess.com"]
[Date "2024.07.09"]
[Round "5"]
[White "Sasha_Solovev_777"]
[Black "kacperkarwowski"]
[Result "0-1"]
[WhiteElo "2300"]
[BlackElo "2550"]
[TimeControl "180+1"]
[EndTime "8:57:38 PDT"]
[Termination "kacperkarwowski won by checkmate"]

1. e4 c5 2. Nf3 e6 3. d4 cxd4 4. Nxd4 Nf6 5. Nc3 Nc6 6. f4 Qb6 7. Nb3 Bb4 8. Bd3 d5 9. e5 Ne4 10. Bxe4 dxe4 11. Qe2 a5 12. Qxe4 a4 13. Nd2 Qc5 14.
Nc4 b5 15. Nd6+ Ke7 16. Bd2 f5 17. exf6+ Kxd6 18. fxg7 Rg8 19. O-O-O Kc7 20. Qxh7 Bd7 21. Ne4 Qe7 22. Ng5 Qxg7 23. Qe4 a3 24. c3 axb2+ 25. Kxb2 Bxc3+ 26. Bxc3 Rxa2+ 27. Kxa2 Qxc3 28. Kb1 Ra8 29. Qe5+ Nxe5 30. Rc1 Ra1# 0-1

[Event "Early-Titled-Tuesday-Blitz-July-09-2024"]
[Site "Chess.com"]
[Date "2024.07.09"]
[Round "5"]
[White "stepanosinovsky"]
[Black "rhungaski"]
[Result "0-1"]
[WhiteElo "2344"]
[BlackElo "2644"]
[TimeControl "180+1"]
[EndTime "8:57:40 PDT"]
[Termination "rhungaski won by resignation"]

1. e4 e6 2. d3 d5 3. Nd2 c5 4. Ngf3 Nc6 5. g3 Nf6 6. Bg2 g6 7. O-O Bg7 8. Re1 O-O 9. c3 a5 10. a4 b6 11. exd5 Nxd5 12. Nc4 Bb7 13. h4 h6 14. Qb3 Rb8 15. Bd2 Ba6 16. Rad1 Qe7 17. h5 g5 18. Nxg5 hxg5 19. Bxd5 exd5 20. Rxe7 dxc4 21.
dxc4 Nxe7 22. Bxg5 f6 23. Bf4 Rb7 24. Rd6 Nc8 25.
h6 Bxh6 26. Bxh6 Nxd6 27. Bxf8 Kxf8 28. Qd1 Rd7 29. b3 Bb7 30. Qg4 Nf5 31. f3 Rd1+ 32. Kf2 Rf1+ 33. Kxf1 Ne3+ 34. Kf2 Nxg4+ 35. fxg4 Be4 36.
Ke3 Bc2 37. b4 axb4 38. cxb4 cxb4 0-1

[Event "Early-Titled-Tuesday-Blitz-July-09-2024"]
[Site "Chess.com"]
[Date "2024.07.09"]
[Round "5"]
[White "Witik"]
[Black "snowlord"]
[Result "0-1"]
[WhiteElo "2679"]
[BlackElo "2919"]
[TimeControl "180+1"]
[EndTime "8:57:41 PDT"]
[Termination "snowlord won by checkmate"]

1. d4 Nf6 2. Bf4 c6 3. Nd2 Qb6 4. Ngf3 d5 5. e3 Bf5 6. Nb3 a5 7.
a4 e6 8. Bd3 Bb4+ 9. Nfd2 Bxd3 10. cxd3 Nbd7 11. O-O O-O 12. Nf3 Nh5 13. Bg5 h6 14. Bh4 Rfe8 15. Qc2 Bd6 16. e4 Be7 17. Bxe7 Rxe7 18. Rfe1 Ree8 19. g3 Nhf6 20. Kg2 dxe4 21.
dxe4 e5 22. Rad1 Qb4 23. dxe5 Nxe5 24. Nxe5 Rxe5 25. Nd2 Rae8 26. f3 Nd5 27. Nc4 R5e6 28. Re2 Qc5 29. Rde1 Nb4 30. Qb3 Rd8 31. Ne3 Nd3 32.
Rd1 Red6 33. Qc3 Qg5 34. Nf5 Nf4+ 35. Kf2 Rxd1 36. gxf4 Qg1# 0-1

[Event "Early-Titled-Tuesday-Blitz-July-09-2024"]
[Site "Chess.com"]
[Date "2024.07.09"]
[Round "5"]
[White "JJDAREK"]
[Black "ShimogaTactician"]
[Result "1-0"]
[WhiteElo "2355"]
[BlackElo "2512"]
[TimeControl "180+1"]
[EndTime "8:57:43 PDT"]
[Termination "JJDAREK won by checkmate"]

1. Nf3 b6 2. d4 Bb7 3. c4 e6 4. g3 Nf6 5. Bg2 Bb4+ 6. Bd2 a5 7. O-O O-O 8. Nc3 d5 9. cxd5 exd5 10. Ne5 Nbd7 11.
Bg5 Bxc3 12. bxc3 Re8 13. Nxd7 Qxd7 14. Bxf6 gxf6 15. c4 Rab8 16. cxd5 Bxd5 17. e3 Bxg2 18.
Kxg2 Kh8 19. Qf3 Re6 20. Rfc1 c6 21. Rc2 b5 22. Rac1 Rb6 23. Rc5 a4 24. d5 cxd5 25.
Rc8+ Re8 26. Rxe8+ Qxe8 27. Qxd5 b4 28. Qd4 Qe6 29.
Qd8+ Kg7 30. Rc8 b3 31. axb3 axb3 32. Qf8+ Kg6 33. Qg8+ Kh6 34. Qf8+ Kh5 35. Qg7 Qe4+ 36. f3 Qc2+ 37. Kh3 Qg6 38. g4+ Kg5 39. f4# 1-0

[Event "Early-Titled-Tuesday-Blitz-July-09-2024"]
[Site "Chess.com"]
[Date "2024.07.09"]
[Round "5"]
[White "Andrey_Klymchuk"]
[Black "Zohid6"]
[Result "0-1"]
[WhiteElo "2753"]
[BlackElo "2985"]
[TimeControl "180+1"]
[EndTime "8:57:45 PDT"]
[Termination "Zohid6 won by resignation"]

1. e4 e5 2. Nf3 Nf6 3. Nxe5 d6 4. Nf3 Nxe4 5. Nc3 Nxc3 6. dxc3 Be7 7. Be3 Nd7 8. Qd2 O-O 9. O-O-O Nf6 10. Bd3 Re8 11. Ng5 d5 12. h4 c6 13. Bd4 h6 14. f3 Bd7 15. g4 c5 16. Be5 c4 17. Bxc4 dxc4 18. Bxf6 Bxf6 19. Ne4 Bc6 20. Qg2 Qe7 21. g5 Be5 22. gxh6 Bf4+ 23. Kb1 Bxh6 24. Ng5 Rad8 25. a3 Qf6 26. Rdg1 b5 27. Rh3 a5 28. Rg3 Re5 29. Qf2 Rde8 30. Qb6 Bxg5 31. hxg5 Qd6 32. g6 Re1+ 33. Ka2 Rxg1 34. gxf7+ Kxf7 35. Rxg1 a4 36. f4 Re7 37. Rg5 Qxf4 38. Qc5 Be4 39. Rg1 Bxc2 40.
Qxb5 Bb3+ 41. Ka1 Qe5 0-1

[Event "Early-Titled-Tuesday-Blitz-July-09-2024"]
[Site "Chess.com"]
[Date "2024.07.09"]
[Round "5"]
[White "SpeedofLight0"]
[Black "GothamChess"]
[Result "1-0"]
[WhiteElo "3160"]
[BlackElo "2756"]
[TimeControl "180+1"]
[EndTime "8:57:45 PDT"]
[Termination "SpeedofLight0 won on time"]

1. d4 d5 2. Nc3 Nf6 3. Bf4 a6 4. e3 h6 5. Bd3 c5 6. Nf3 Bg4 7. h3 Bxf3 8. Qxf3 Nc6 9. O-O-O e6 10. Be5 Nxe5 11. dxe5 Nd7 12. Qg3 Qa5 13. Kb1 c4 14.
Bf1 Bb4 15. Ne2 c3 16. Qxg7 Rf8 17. Nd4 Qb6 18. Nb3 cxb2 19. e4 Bc3 20. exd5 Bxe5 21. Qxh6 O-O-O 22. dxe6 Nc5 23. Bc4 Ne4 24. Rxd8+ Rxd8 25. Qh5 f6 26. e7 Nc3+ 27. Kxb2 Na4+ 28. Kc1 Bf4+ 29. Kb1 Nc3+ 30. Ka1 Be5 31. e8=Q Rxe8 32. Qxe8+ Kc7 33. f4 Na4+ 34. fxe5 1-0

[Event "Early-Titled-Tuesday-Blitz-July-09-2024"]
[Site "Chess.com"]
[Date "2024.07.09"]
[Round "5"]
[White "MetiForce"]
[Black "gau248"]
[Result "1-0"]
[WhiteElo "2836"]
[BlackElo "2624"]
[TimeControl "180+1"]
[EndTime "8:57:45 PDT"]
[Termination "MetiForce won by resignation"]

1. e4 e5 2. f4 d5 3. exd5 exf4 4. Nf3 Nf6 5. Bb5+ Bd7 6. Bxd7+ Nbxd7 7. O-O Nxd5 8. c4 N5f6 9. d4 Bd6 10. Re1+ Be7 11. Qe2 Nf8 12. b3 Ng6 13. Ba3 Qd7 14. Bxe7 Nxe7 15.
Nc3 Kf8 16. Rad1 Re8 17. Ne5 Qf5 18. Nb5 a6 19. Nxc7 Rc8 20. d5 Ng6 21. d6 Nxe5 22.
Qxe5 Qxe5 23. Rxe5 Rd8 24. c5 Nd7 25. Rf5 g6 26. Ne6+ Ke8 27. Nxd8 gxf5 28. Nxb7 Ne5 29. Re1 f6 30. c6 Kf7 31. c7 Ke6 32. Rd1 Nd7 33.
Nd8+ Ke5 34. Nf7+ Ke6 35. Nxh8 1-0

[Event "Early-Titled-Tuesday-Blitz-July-09-2024"]
[Site "Chess.com"]
[Date "2024.07.09"]
[Round "5"]
[White "BashirovKemal"]
[Black "Gryffindorac8"]
[Result "1-0"]
[WhiteElo "2674"]
[BlackElo "2490"]
[TimeControl "180+1"]
[EndTime "8:57:45 PDT"]
[Termination "BashirovKemal won on time"]

1. d4 Nf6 2. Nf3 e6 3. Bf4 d5 4. e3 Bd6 5. c3 c5 6. Bg3 Qc7 7. Ne5 Ne4 8. f4 Nxg3 9. hxg3 Nd7 10. Bd3 Nf6 11. Nd2 a6 12. g4 b5 13. g5 Nd7 14.
g6 Bxe5 15. gxf7+ Kxf7 16. fxe5 Nf8 17. Qf3+ Ke8 18. O-O-O Bd7 19. Rdf1 Bc6 20. Qh5+ g6 21. Qg4 Qe7 22. Rf6 b4 23. Rhf1 bxc3 24. bxc3 cxd4 25. exd4 Rb8 26. Nb3 Qa3+ 27. Kd1 Bd7 28. R1f2 Rxb3 29. axb3 Qxb3+ 30. Bc2 Qxc3 31. R6f3 Qa1+ 32. Kd2 Qa5+ 33.
Rc3 Qb4 34. Qf4 Qe7 35. Rb3 Kd8 36. Rb8+ Kc7 37. Rxf8 Qb4+ 38. Ke2 1-0

[Event "Early-Titled-Tuesday-Blitz-July-09-2024"]
[Site "Chess.com"]
[Date "2024.07.09"]
[Round "5"]
[White "suspiciumchess"]
[Black "mishanick"]
[Result "0-1"]
[WhiteElo "2428"]
[BlackElo "3085"]
[TimeControl "180+1"]
[EndTime "8:57:46 PDT"]
[Termination "mishanick won on time"]

1. c4 e5 2. a3 Nf6 3. e3 c6 4. Nf3 e4 5. Nd4 d5 6. cxd5 cxd5 7. d3 Bd6 8. Nc3 O-O 9. Be2 Nc6 10. Nxc6 bxc6 11.
dxe4 dxe4 12. O-O Qe7 13. Qa4 Rd8 14. Rd1 Bg4 15. Bd2 Bxe2 16. Nxe2 Bxh2+ 17. Kxh2 Ng4+ 18. Kg1 Qh4 19. Ng3 Rd6 20. Qxe4 Rad8 21. Be1 h5 22.
Rxd6 Rxd6 23. Rc1 Re6 24. Qf4 Qh2+ 25. Kf1 Rf6 26. Qb8+ Kh7 27. Ke2 Qxg2 28. Qb4 Nxf2 29. Bxf2 Rxf2+ 30. Kd3 Qxg3 0-1

[Event "Early-Titled-Tuesday-Blitz-July-09-2024"]
[Site "Chess.com"]
[Date "2024.07.09"]
[Round "5"]
[White "ManMish2"]
[Black "Dreamer_01"]
[Result "1-0"]
[WhiteElo "2608"]
[BlackElo "2444"]
[TimeControl "180+1"]
[EndTime "8:57:46 PDT"]
[Termination "ManMish2 won by resignation"]

1. e4 e6 2. d4 d5 3. Nd2 dxe4 4. Nxe4 Nd7 5. Nf3 Ngf6 6. Nxf6+ Nxf6 7. c3 Be7 8. Bd3 O-O 9. O-O b6 10. a4 Bb7 11. a5 Rb8 12. Bf4 Bd6 13. Ne5 Nd5 14.
Bg3 c5 15. a6 Ba8 16. Qh5 g6 17. Qh6 cxd4 18. cxd4 Rc8 19. Be4 Bxe5 20. Bxe5 f6 21. Bg3 Nb4 22. Bxa8 Rxa8 23. Rac1 Rc8 24. Rxc8 Qxc8 25.
Bd6 Nxa6 26. Qxf8+ Qxf8 27. Bxf8 Kxf8 28. Ra1 Nb4 29. Rxa7 h5 30. h4 Nc2 31. Rd7 Ke8 32.
Rd6 Ke7 33. Rxb6 Nxd4 34. g3 Kd7 35. Rb7+ Kd6 36. Rg7 Ne2+ 37. Kf1 Nc1 38. Rxg6 Ke5 39. Rh6 Nd3 40. Rxh5+ Ke4 41. Rb5 Kf3 42. Rb3 Ke4 43. h5 1-0

[Event "Early-Titled-Tuesday-Blitz-July-09-2024"]
[Site "Chess.com"]
[Date "2024.07.09"]
[Round "5"]
[White "j_coca"]
[Black "Shuvalov"]
[Result "0-1"]
[WhiteElo "2407"]
[BlackElo "2591"]
[TimeControl "180+1"]
[EndTime "8:57:46 PDT"]
[Termination "Shuvalov won by resignation"]

1. f4 c5 2. Nf3 d5 3. e3 g6 4.
d4 Bg7 5. c3 Bg4 6. Bd3 Nf6 7.
Nbd2 Qc7 8. O-O cxd4 9. cxd4 Nc6 10. a3 O-O 11. h3 Bf5 12. Qe2 Bxd3 13. Qxd3 e6 14. Ne5 Rfc8 15. g4 Ne8 16. Rf2 Nd6 17.
Kg2 Na5 18. h4 Qc2 19. Ndf3 Qxd3 20. Nxd3 Nb3 21. Rb1 Ne4 22. Re2 Rc7 23. Bd2 Rc2 24. Rd1 Rac8 25. Nf2 Rxb2 26. Nxe4 dxe4 27. Ne1 f5 28.
gxf5 gxf5 29. Kf2 Bf6 30. Ng2 Rcc2 31. Ke1 h5 32. Rf2 Kf7 33. Re2 b5 34. Rf2 a5 35.
Re2 a4 36. Rf2 b4 37. axb4 a3 0-1

[Event "Early-Titled-Tuesday-Blitz-July-09-2024"]
[Site "Chess.com"]
[Date "2024.07.09"]
[Round "5"]
[White "SuanTiltado"]
[Black "AmbartsumianTyhran2012"]
[Result "1-0"]
[WhiteElo "2385"]
[BlackElo "2553"]
[TimeControl "180+1"]
[EndTime "8:57:46 PDT"]
[Termination "SuanTiltado won by resignation"]

1. d4 Nf6 2. c4 e6 3. Nf3 d5 4. Nc3 Be7 5. Bf4 a6 6. cxd5 exd5 7. e3 O-O 8. Bd3 Bg4 9. h3 Bh5 10. g4 Bg6 11. Ne5 Nbd7 12. Nxg6 hxg6 13. Qf3 c6 14. h4 Nh7 15. g5 Qb6 16. O-O-O Qa5 17. Kb1 b5 18. h5 Nxg5 19. Bxg5 Bxg5 20. Qg4 Qd8 21. hxg6 Bh6 22. Rxh6 gxh6 23. g7 Re8 24.
Rh1 Nf6 25. Qg3 h5 26. Qg5 Qd6 27. Qh6 1-0

[Event "Early-Titled-Tuesday-Blitz-July-09-2024"]
[Site "Chess.com"]
[Date "2024.07.09"]
[Round "5"]
[White "ninjatrick"]
[Black "Sofia_Blokhin"]
[Result "1-0"]
[WhiteElo "2494"]
[BlackElo "2189"]
[TimeControl "180+1"]
[EndTime "8:57:46 PDT"]
[Termination "ninjatrick won on time"]

1. b3 d5 2. Nf3 e6 3. Bb2 Nf6 4. e3 Be7 5. Be2 O-O 6. O-O b6 7. c4 Bb7 8. d4 Nbd7 9. Nc3 c5 10. cxd5 exd5 11. Rc1 Rc8 12. Ne5 a6 13. Qd2 cxd4 14.
exd4 Bb4 15. a3 Ne4 16. Qd3 Nxe5 17. dxe5 Bxc3 18. Bxc3 Qg5 19. f4 Qg6 20. Bd4 Qf5 21. Bxb6 Rxc1 22. Rxc1 Qxf4 23. Rf1 Qxe5 24. Bd4 Qg5 25. Kh1 Rc8 26. Be3 Qg6 27. Qd4 Nc3 28.
Bd3 Ne4 29. Kg1 Qg4 30. Qb6 Qd7 31. Rd1 Rc6 32. Qb4 Qc8 33. Bxe4 dxe4 34. Qe7 1-0

[Event "Early-Titled-Tuesday-Blitz-July-09-2024"]
[Site "Chess.com"]
[Date "2024.07.09"]
[Round "5"]
[White "RandomNoob04"]
[Black "Zheenbekov86"]
[Result "1-0"]
[WhiteElo "2764"]
[BlackElo "2472"]
[TimeControl "180+1"]
[EndTime "8:57:47 PDT"]
[Termination "RandomNoob04 won on time"]

1. e4 c6 2. d4 d5 3. exd5 cxd5 4. c4 Nf6 5. Nc3 Nc6 6. Bg5 Ne4 7. Nxe4 dxe4 8. d5 Ne5 9. Qd4 Ng6 10. Qxe4 Qb6 11.
c5 Qxc5 12. Rc1 Qa5+ 13. Bd2 Qd8 14. Nf3 Bd7 15. Bc4 Qb6 16. O-O O-O-O 17. Be3 Qa5 18. b4 Qa3 19. Bf4 Nxf4 20. Qxf4 e5 21. dxe6 Bc6 22. b5 Bxf3 23. Be2+ Bc5 24. Bxf3 fxe6 25. Rxc5+ Qxc5 26. Rc1 Qxc1+ 27. Qxc1+ Kb8 28. g3 Rd6 29. Qf4 Rd8 30. Qe5 g6 31. h4 Kc7 32. h5 gxh5 33.
Qxh5 R8d7 34. a4 Rd4 35. a5 1-0

[Event "Early-Titled-Tuesday-Blitz-July-09-2024"]
[Site "Chess.com"]
[Date "2024.07.09"]
[Round "5"]
[White "Flaccidmoves"]
[Black "Chessgod9oninsta"]
[Result "1/2-1/2"]
[WhiteElo "2586"]
[BlackElo "2784"]
[TimeControl "180+1"]
[EndTime "8:57:47 PDT"]
[Termination "Game drawn by repetition"]

1. e4 e5 2. Nf3 Nc6 3. Bc4 Nf6 4. d3 Bc5 5. O-O O-O 6. c3 d6 7. b4 Bb6 8. h3 a6 9. Bg5 Be6 10. Nbd2 h6 11. Bxf6 Qxf6 12. Bxe6 fxe6 13. Nc4 Ba7 14. Qe2 Ne7 15. Nh2 Ng6 16. g3 Qg5 17. Qg4 Qxg4 18.
Nxg4 Rf7 19. Kg2 Raf8 20. f3 h5 21. Nh2 h4 22. gxh4 Nxh4+ 23. Kg3 Ng6 24. Rad1 Nf4 25. Rfe1 Rf6 26. d4 Rg6+ 27. Ng4 exd4 28. cxd4 Nh5+ 29.
Kg2 Nf4+ 30. Kg3 b5 31. Na5 Bb6 32. Nc6 Rf7 33. d5 e5 34. Rd2 Nh5+ 35. Kg2 Nf4+ 36.
Kg3 Nxh3 37. Kxh3 Rxf3+ 38. Kh4 Rf4 39. Rg2 Bf2+ 40. Rxf2 Rgxg4+ 41. Kh3 Rh4+ 42. Kg3 Rhg4+ 43. Kh3 Rh4+ 44. Kg3 Rhg4+ 45. Kh3 1/2-1/2

[Event "Early-Titled-Tuesday-Blitz-July-09-2024"]
[Site "Chess.com"]
[Date "2024.07.09"]
[Round "5"]
[White "kadirsoria"]
[Black "chess_peak"]
[Result "0-1"]
[WhiteElo "2237"]
[BlackElo "2539"]
[TimeControl "180+1"]
[EndTime "8:57:52 PDT"]
[Termination "chess_peak won on time"]

1. e4 c5 2. Nf3 Nc6 3. d4 cxd4 4.
Nxd4 Nf6 5. Nc3 d6 6. Bc4 Qb6 7. Nb3 e6 8. Qe2 a6 9. Be3 Qc7 10. Bd3 b5 11. f4 Bb7 12. O-O Be7 13. Rae1 O-O 14. g4 Nb4 15. g5 Nd7 16. Qh5 g6 17. Qh6 Rfe8 18. Rf3 Bf8 19. Qh4 Bg7 20. Rh3 Nf8 21. Qf2 Rac8 22. a3 Nxd3 23. cxd3 f5 24.
Bd4 e5 25. Bb6 Qd7 26. Nd5 Bxd5 27. exd5 exf4 28. Rf1 Re5 29. Bd4 Rxd5 30. Qxf4 Bxd4+ 0-1

[Event "Early-Titled-Tuesday-Blitz-July-09-2024"]
[Site "Chess.com"]
[Date "2024.07.09"]
[Round "5"]
[White "Ordekalog"]
[Black "Shield12"]
[Result "0-1"]
[WhiteElo "2722"]
[BlackElo "2981"]
[TimeControl "180+1"]
[EndTime "8:57:53 PDT"]
[Termination "Shield12 won on time"]

1. d4 Nf6 2. c4 e6 3. Nc3 Bb4 4. Bd2 b6 5. Rc1 O-O 6. Nf3 d5 7. e3 Bb7 8. cxd5 exd5 9. Bd3 Be7 10. O-O c5 11. Ne5 Nc6 12. Nxc6 Bxc6 13. Bb1 c4 14. f3 b5 15. Be1 b4 16. Ne2 Re8 17. Ng3 Bf8 18.
Bf2 g6 19. e4 dxe4 20. fxe4 Nxe4 21. Nxe4 Bxe4 22. Bxe4 Rxe4 23. Rxc4 Qd5 24. Qd3 Rae8 25. h3 a5 26. b3 h5 27. Rc7 Bd6 28. Rc4 Re2 29. Rc8 Rxc8 30. Qxe2 Rc3 31. Re1 Kg7 32. Qd2 Qf5 33. d5 Rc2 34. Qd4+ Qf6 35. Qb6 Kh7 36.
Qa7 Qf4 37. g3 Qf5 38. Kg2 Bc5 0-1

[Event "Early-Titled-Tuesday-Blitz-July-09-2024"]
[Site "Chess.com"]
[Date "2024.07.09"]
[Round "5"]
[White "ozates"]
[Black "GAO"]
[Result "1-0"]
[WhiteElo "2611"]
[BlackElo "2449"]
[TimeControl "180+1"]
[EndTime "8:57:53 PDT"]
[Termination "ozates won on time"]

1. e4 c5 2. Nf3 d6 3. d4 cxd4 4. Nxd4 Nf6 5. Nc3 a6 6. g3 e5 7.
Nde2 Be7 8. Bg2 O-O 9. O-O b5 10. a4 b4 11. Nd5 Nxd5 12. exd5 Nd7 13. a5 Rb8 14. f4 Rb5 15. fxe5 Nxe5 16. Nd4 Rxa5 17. Bf4 Rxa1 18. Qxa1 Qb6 19. c3 Bf6 20. Kh1 Nd3 21. Be3 Re8 22. Bg1 bxc3 23. bxc3 Qb2 24. Qa4 Rf8 25. Qc4 Ne5 26. Qc7 Bg4 27. Qxd6 Qxc3 28.
Rxf6 gxf6 29. Qxf6 Ng6 30. d6 a5 31. h3 Bd7 32. Qg5 a4 33. Nf3 a3 34. Bd4 Qd3 35. Qf6 Qd1+ 36. Kh2 Qxd4 37. Nxd4 a2 38. Nb3 1-0

[Event "Early-Titled-Tuesday-Blitz-July-09-2024"]
[Site "Chess.com"]
[Date "2024.07.09"]
[Round "5"]
[White "Kombinator01"]
[Black "GrotBchess"]
[Result "0-1"]
[WhiteElo "2428"]
[BlackElo "2601"]
[TimeControl "180+1"]
[EndTime "8:57:53 PDT"]
[Termination "GrotBchess won by resignation"]

1. e4 c5 2. Nf3 e6 3. d4 cxd4 4. Nxd4 Nf6 5. Nc3 d6 6. Bb5+ Nbd7 7. Bg5 Be7 8. Nf3 a6 9. Bxf6 Bxf6 10. Bxd7+ Qxd7 11. Qd3 O-O 12. Rd1 Rd8 13. O-O Qc7 14. Rd2 b5 15. Rfd1 Bb7 16. Ne2 Bxb2 17. c3 Ba3 18. e5 Bxf3 19. gxf3 h6 20. Qe4 dxe5 21. Rxd8+ Rxd8 22. Rxd8+ Qxd8 23. Qxe5 Bd6 24. Qd4 Qc7 25. h4 h5 26. Qe4 Qc8 27. Kg2 g6 28. a4 Be7 29.
axb5 axb5 30. Qe5 Qc5 31. Qe4 Bf6 32. Nd4 Bxd4 33. cxd4 Qd5 34. Qb1 Qxd4 35. Qxb5 Qxh4 36. Qe8+ Kg7 37. Qb8 Qg5+ 38. Kf1 h4 39. Qb2+ Qf6 40. Qb8 Qxf3 41. Qb2+ Qf6 42. Kg1 Qxb2 0-1

[Event "Early-Titled-Tuesday-Blitz-July-09-2024"]
[Site "Chess.com"]
[Date "2024.07.09"]
[Round "5"]
[White "Knightmare1014"]
[Black "Antosha_Chekhonte"]
[Result "1-0"]
[WhiteElo "2254"]
[BlackElo "2497"]
[TimeControl "180+1"]
[EndTime "8:57:54 PDT"]
[Termination "Knightmare1014 won on time"]

1. e4 e6 2. d4 d5 3. Nd2 Be7 4. Ngf3 Nf6 5. exd5 exd5 6. Bd3 O-O 7. h3 Nc6 8. c3 Bd6 9. O-O Re8 10. Re1 Rxe1+ 11. Qxe1 Ne7 12. Nf1 Bf5 13. Bxf5 Nxf5 14. Bg5 h6 15. Bxf6 Qxf6 16. Ne5 Re8 17. f4 h5 18. Ne3 Nxe3 19. Qxe3 Qf5 20. Rf1 f6 21. Qd3 Rxe5 22. Qb5 Re4 23. Qxb7 a5 24. Qa8+ Kh7 25. Qxa5 Re2 26.
Qb5 Qe4 27. Rf2 Re1+ 28. Rf1 Bxf4 29. a4 Qe3+ 30. Kh1 Qg3 31. Kg1 Be3+ 32. Kh1 Qf2 33. Qd3+ Kh8 34. Rxe1 Qxe1+ 35. Kh2 Bg1+ 36. Kh1 Bf2+ 37.
Kh2 Bg3+ 38. Qxg3 Qa1 39. Qxc7 1-0

[Event "Early-Titled-Tuesday-Blitz-July-09-2024"]
[Site "Chess.com"]
[Date "2024.07.09"]
[Round "5"]
[White "Yan_Dyomin2010"]
[Black "GM_Huschenbeth"]
[Result "1-0"]
[WhiteElo "2753"]
[BlackElo "2514"]
[TimeControl "180+1"]
[EndTime "8:57:55 PDT"]
[Termination "Yan_Dyomin2010 won on time"]

1. e4 c5 2. Nf3 d5 3. exd5 Nf6 4. d4 cxd4 5. Qxd4 Qxd5 6. Nc3 Qxd4 7. Nxd4 a6 8. g3 e5 9. Nb3 Nc6 10. Bg5 Bb4 11.
Bd2 Bf5 12. O-O-O O-O-O 13. Bg2 Bxc3 14. Bxc3 Be4 15. f3 Bd5 16. Rhe1 Rhe8 17. Nc5 Kc7 18. b3 a5 19. Nd3 Nd7 20. Re3 f6 21. Rde1 a4 22. Bh3 h5 23. Bf5 h4 24. f4 hxg3 25. hxg3 axb3 26. axb3 e4 27. Bxe4 Bxe4 28. Rxe4 Rxe4 29.
Rxe4 Rh8 30. g4 Rh4 31. f5 Rh2 32. Nf4 Rh1+ 33. Kb2 Nc5 34. Rc4 Kd6 35. Nh5 Rg1 36. Nxg7 b5 37. Ne8+ Kd5 38. Nxf6+ Kd6 39. Rf4 Rg2 40.
Ne4+ Nxe4 41. Rxe4 Kd5 42. Rf4 b4 43. Bxb4 Ne5 44.
Kb1 Nxg4 45. f6 Ne3 46. f7 Rg1+ 47. Kb2 Nd1+ 48. Ka3 Ne3 49. f8=Q Nxc2+ 50. Kb2 1-0

[Event "Early-Titled-Tuesday-Blitz-July-09-2024"]
[Site "Chess.com"]
[Date "2024.07.09"]
[Round "5"]
[White "VacheH009"]
[Black "NikFil2013"]
[Result "1-0"]
[WhiteElo "2529"]
[BlackElo "2376"]
[TimeControl "180+1"]
[EndTime "8:57:55 PDT"]
[Termination "VacheH009 won by resignation"]

1. d4 d5 2. Nf3 e6 3. c4 c6 4. Nc3 dxc4 5. a4 Bb4 6. e3 b5 7. Bd2 a5 8. axb5 Bxc3 9. Bxc3 cxb5 10. b3 Bb7 11. bxc4 b4 12. Bb2 Nf6 13. Bd3 O-O 14.
O-O Nbd7 15. c5 Qc7 16. Bb5 Bc6 17. Ba4 Ne4 18. Qc2 Rfc8 19. Rfd1 Bxa4 20. Qxa4 Qc6 21. Ne1 Qxa4 22. Rxa4 Ndxc5 23. dxc5 Nxc5 24. Raa1 a4 25. Bd4 b3 26. Rdb1 Ne4 27. Nd3 Nc3 28. Bxc3 Rxc3 29. Nc1 Rxc1+ 30. Rxc1 b2 31. Rcb1 bxa1=Q 32. Rxa1 a3 33. Kf1 g6 34. Ke2 Kg7 35. Kd3 h5 36.
h4 Ra7 37. g3 Ra4 38. Kc3 Ra7 39. Kb3 Kf6 40. Rxa3 Rxa3+ 41. Kxa3 Kf5 42. f3 e5 43. e4+ Ke6 44. Kb4 Kd6 45. Kb5 f5 46. Kb6 fxe4 47. fxe4 Ke6 48. Kc6 Kf6 49. Kd6 g5 50.
Kd5 g4 51. Kd6 1-0